 Dungeon Crawl Stone Soup version 0.17.1-3-g152610e (webtiles) character file.

151 Metrazal the Sneak (level 5, -3/25 HPs)
             Began as a Spriggan Assassin on Mar 12, 2016.
             Slain by an orc wizard
             ... wielding a +0 dagger
              (4 damage)
             ... on level 2 of the Dungeon.
             The game lasted 00:19:04 (2637 turns).

Metrazal the Sneak (Spriggan Assassin)              Turns: 2637, Time: 00:19:04

Health: -3/25      AC:  3    Str:  7    XL:     5   Next: 10%
Magic:  6/6        EV: 19    Int: 13    God:
Gold:   115        SH:  0    Dex: 18    Spells: 0 memorised, 4 levels left

rFire  . . .     SeeInvis +     a - +2 dagger
rCold  . . .     Clarity  .     c - +0 robe
rNeg   . . .     SustAt   .     (shield restricted)
rPois  .         Gourm    .     (helmet restricted)
rElec  .         Spirit   .     d - +0 cloak
rCorr  .         Warding  .     (gloves unavailable)
rMut   .         Stasis   .     (boots unavailable)
MR     .....                    (no amulet)
Stlth  ++++......               (no ring)
                                (no ring)

@: very quick, not resistant to hostile enchantments, stealthy
A: unfitting armour, see invisible, herbivore 3, speed 3, slow metabolism 2
a: no special abilities


You were on level 2 of the Dungeon.
You were not hungry.

You visited 1 branch of the dungeon, and saw 3 of its levels.

You collected 115 gold pieces.

Inventory:

Hand Weapons
 a - a +2 dagger (weapon)
 b - a +0 blowgun
 o - a +0 hunting sling
Missiles
 e - 3 poisoned needles
 f - 8 curare-tipped needles
 h - 85 stones (quivered)
 m - 5 sling bullets of flame
 y - 14 arrows
Armour
 c - a +0 robe (worn)
 d - a +0 cloak (worn)
Scrolls
 i - 5 scrolls of identify {unknown}
 j - a scroll of teleportation {unknown}
 l - a scroll of enchant armour {unknown}
 s - 2 scrolls of amnesia {unknown}
 t - a scroll of fear {unknown}
Potions
 k - a potion of agility {unknown}
 n - 2 potions of mutation {unknown}
 p - a potion of heal wounds {unknown}
 q - a potion of might {unknown}
 r - 3 potions of cancellation {unknown}
 u - a potion of brilliance {unknown}
 v - a potion of degeneration {unknown}
 w - a potion of poison {unknown}
 x - a potion of magic {unknown}
Comestibles
 g - a bread ration


   Skills:
 - Level 1.5 Fighting
 + Level 3.5 Short Blades
 + Level 2.4(2.9) Slings
 - Level 2.0(2.4) Throwing
 + Level 3.5 Dodging
 + Level 7.2 Stealth


You had 4 spell levels left.
You didn't know any spells.

Dungeon Overview and Level Annotations

Branches:
Dungeon (3/15)

Altars:
Gozag
Kikubaaqudgha


Innate Abilities, Weirdness & Mutations

You are tiny and cannot use many weapons and most armour.
You have supernaturally acute eyesight.
You are a herbivore.
You cover ground extremely quickly.
You need consume almost no food.


Message History

You climb upwards.
There is a stone staircase leading down here.
You hit the orc wizard.
The orc wizard is heavily wounded.
The orc misses you. The orc wizard casts a spell at you.
The puff of flame hits you!
* * * LOW HITPOINT WARNING * * *
You hit the orc wizard.
The orc wizard is severely wounded.
The orc wizard hits you with a dagger.
* * * LOW HITPOINT WARNING * * *
You hit the orc wizard but do no damage.
The orc wizard is severely wounded.
The orc hits you with a trident.
* * * LOW HITPOINT WARNING * * *
You hit the orc wizard but do no damage.
The orc wizard is almost dead.
The orc wizard hits you with a dagger.
You die...

..######).........#.....#####.#.#
⌠..#..#.#.........##)..######.#..
...##..###.........##....[....###
_.###.## ##......#.############ #
######.###.......#...##### # #
#....#........###.)...# # #
#.###.#.......#...###.# # ####.#
#.####.##o#.### #.# # ..†..###.#
#..##@..# #.# # .........#
#.####o## #.# # ....###### #.#
#.# #.# # ###.# #.# #.#
#.######## #.########.####.#
#......... #......<.....##.#
########## ############....#
######


You could see an orc wizard and an orc.

Vanquished Creatures
  Natasha (twice) (D:2)
  Robin (D:2)
  An adder (D:2)
  4 oozes
  3 worms (D:2)
  A ball python (D:1)
  2 bats (D:1)
  16 goblins
  3 hobgoblins (D:2)
  12 jackals (D:2)
  3 quokkas (D:2)
  3 giant cockroaches (D:2)
  2 giant newts
  3 kobolds
  20 rats
76 creatures vanquished.

Notes
Turn   | Place    | Note
--------------------------------------------------------------
     0 | D:1      | Metrazal the Spriggan Assassin began the quest for the Orb.
     0 | D:1      | Reached XP level 1. HP: 10/10 MP: 2/2
    19 | D:1      | Reached skill level 6 in Stealth
   121 | D:1      | Reached XP level 2. HP: 14/14 MP: 3/3
   703 | D:2      | Reached XP level 3. HP: 18/18 MP: 4/4
   755 | D:2      | Noticed Natasha
   759 | D:2      | Killed Natasha
   759 | D:2      | Reached skill level 1 in Slings
   832 | D:2      | Reached XP level 4. HP: 12/22 MP: 5/5
  1500 | D:2      | Noticed Natasha
  1521 | D:2      | Killed Natasha
  1521 | D:2      | Reached skill level 7 in Stealth
  1782 | D:2      | Found an ancient bone altar of Kikubaaqudgha.
  1782 | D:2      | Found an opulent altar of Gozag.
  1884 | D:2      | Noticed Robin
  2290 | D:2      | Killed Robin
  2290 | D:2      | Reached XP level 5. HP: 25/25 MP: 6/6
  2636 | D:2      | HP: 1/25 [orc/trident (2)]
  2637 | D:2      | Slain by an orc wizard

Action                   |  1- 3 |  4- 6 || total
-------------------------+-------+-------++-------
Melee: Dagger            |    79 |   157 ||   236
 Fire: Blowgun           |     4 |    18 ||    22
       Hunting sling     |       |     2 ||     2
Throw: Stone             |     4 |     2 ||     6
 Stab: Sleeping          |     6 |     7 ||    13
